 Dungeon Crawl Stone Soup version 0.19.0-2-gae57169 (webtiles) character file.

1362 Garfong the Grappler (level 8, 0/74 HPs)
             Began as a Troll Monk on Nov 5, 2016.
             Was an Initiate of Ru.
             Slain by an orc warrior
             ... wielding a +0 short sword
              (19 damage)
             ... on level 6 of the Dungeon.
             The game lasted 00:13:13 (4880 turns).

Garfong the Grappler (Troll Monk)                   Turns: 4880, Time: 00:13:14

Health: 0/74       AC:  6    Str: 20    XL:     8   Next: 37%
Magic:  7/7        EV: 10    Int:  6    God:    Ru [......]
Gold:   214        SH:  0    Dex: 14    Spells: 0 memorised, 7 levels left

rFire  . . .     SeeInvis .       - Unarmed
rCold  . . .     Gourm    +     a - +1 robe
rNeg   + . .     Faith    .     (no shield)
rPois  .         Spirit   .     (helmet restricted)
rElec  .         Reflect  .     (no cloak)
rCorr  .         Harm     .     (gloves unavailable)
MR     .....                    (boots unavailable)
Stlth  ..........               (no amulet)
                                (no ring)
                                n - ring of positive energy

@: no status effects
A: unfitting armour, claws 3, fast metabolism 3, gourmand, regeneration 1,
shaggy fur 1, tough skin 2, no stealth
a: Renounce Religion


You were on level 6 of the Dungeon.
You worshipped Ru.
Ru was noncommittal.
You were not hungry.

You visited 1 branch of the dungeon, and saw 7 of its levels.

You collected 214 gold pieces.

Inventory:

Hand Weapons
 z - a +0 giant spiked club
Missiles
 v - 7 tomahawks (quivered)
Armour
 a - a +1 robe (worn)
Jewellery
 k - an uncursed amulet of faith
 n - a ring of positive energy (left claw)
 s - an uncursed ring of fire
 u - an uncursed amulet of rage {unknown}
Wands
 e - a wand of acid (4/15)
Scrolls
 d - 2 scrolls of magic mapping {unknown}
 f - 3 scrolls of enchant armour
 h - 2 scrolls of random uselessness {unknown}
 i - 2 scrolls of amnesia {unknown}
 j - 2 scrolls of teleportation
 o - a scroll of enchant weapon {unknown}
 p - 2 scrolls of fear {unknown}
 x - a scroll of remove curse {unknown}
 y - a scroll of identify
Potions
 c - 2 potions of lignification
 g - 2 potions of ambrosia
 q - a potion of magic {unknown}
 r - a potion of curing {unknown}
Comestibles
 b - 5 bread rations
 l - 18 fruits
 m - 3 meat rations
 w - a royal jelly


   Skills:
 - Level 2.4 Fighting
 - Level 2.4 Dodging
 + Level 10.6 Unarmed Combat


You had 7 spell levels left.
You didn't know any spells.

Dungeon Overview and Level Annotations

Branches:
Dungeon (7/15)
 Temple: D:4-7

Altars:
Ashenzari
Cheibriados
Ru


Innate Abilities, Weirdness & Mutations

You are too large for most types of armour.
You have claws for hands.
Your metabolism is lightning-fast.
You like to eat raw meat.
Your natural rate of healing is unusually fast.
You are covered in fur. (AC +1)
You have very tough skin. (AC +2)
You cannot be stealthy.


Message History

The puff of frost hits you!
An orc priest comes into view. It is wielding a dagger.
The orc priest shouts!
The orc wizard casts a spell at you. The magic dart hits you!
There is a stone staircase leading up here.
The orc wizard hits you but does no damage.
The orc warrior hits you with a short sword!
The orc barely misses you. The orc wizard hits you with a dagger.
You climb upwards.
There is a stone staircase leading down here.
You claw the orc wizard!
You kill the orc wizard!
The orc warrior hits you with a short sword!
You mangle the orc!!
You kill the orc!
The orc warrior hits you with a short sword!
* * * LOW HITPOINT WARNING * * *
The orc warrior hits you with a short sword!!
You die...

#..<...##.# ###....## ##..<...
.####...#.#####.......####.......
.'...........)...........'.......
.####....#.####.#.#...####.......
## ##.##.## #.#)##.## ##...... #
####.# #.#.##.# ##...(. #.#
#.#.##.# ##...# #.# #o#.##.#
##'## #.# #>@....# #####.#
######.# ###.#### #...#.##
####...(..# #.# #.......
.....###### #.# #......# ######
#.# #######......
#.###.......#...#
#.....########.## ####### ###


You could see an orc warrior.

Vanquished Creatures
  Menkaure (D:5)
  3 ogres
  A big kobold (D:6)
  2 bullfrogs (D:6)
  3 wights (D:6)
  3 crimson imps
  A quasit (D:6)
  3 orc priests
  A bullfrog skeleton (D:4)
  5 orc wizards
  3 worker ants
  A hound zombie (D:6)
  A hound skeleton (D:6)
  A howler monkey zombie (D:5)
  7 adders
  2 dart slugs
  5 leopard geckos
  14 orcs
  5 giant cockroaches
  4 goblins
  6 hobgoblins
  14 jackals
  3 quokkas (D:4)
  3 ball pythons
  5 bats
  5 frilled lizards
  7 kobolds
  A leopard gecko skeleton (D:4)
  A quokka zombie (D:5)
  11 rats
122 creatures vanquished.

Notes
Turn   | Place    | Note
-------+----------+-------------------------------------------
     0 | D:1      | Garfong the Troll Monk began the quest for the Orb.
     0 | D:1      | Reached XP level 1. HP: 22/22 MP: 0/0
   177 | D:1      | Reached XP level 2. HP: 29/29 MP: 1/1
   780 | D:2      | Reached skill level 4 in Unarmed Combat
  1125 | D:2      | Reached XP level 3. HP: 36/36 MP: 2/2
  2094 | D:4      | Reached skill level 5 in Unarmed Combat
  2094 | D:4      | Reached XP level 4. HP: 7/44 MP: 3/3
  2421 | D:4      | Reached XP level 5. HP: 50/50 MP: 4/4
  2672 | D:4      | Noticed an ogre
  2676 | D:4      | Killed an ogre
  2676 | D:4      | Reached skill level 6 in Unarmed Combat
  2832 | D:5      | Entered Level 5 of the Dungeon
  2960 | D:5      | Reached XP level 6. HP: 56/59 MP: 5/5
  3002 | D:5      | Reached skill level 7 in Unarmed Combat
  3276 | D:5      | Noticed Menkaure
  3285 | D:5      | Killed Menkaure
  3285 | D:5      | Reached skill level 8 in Unarmed Combat
  3359 | D:5      | Reached XP level 7. HP: 41/66 MP: 6/6
  3792 | D:6      | Reached skill level 9 in Unarmed Combat
  3843 | D:6      | HP: 2/66 [orc warrior/hand axe (9)]
  4068 | D:6      | Found a sacrificial altar of Ru.
  4075 | D:6      | Found a snail-covered altar of Cheibriados.
  4082 | D:6      | Became a worshipper of Ru the Awakened
  4087 | D:6      | Gained mutation: You cannot be stealthy. [Ru sacrifice]
  4111 | D:6      | Found a shattered altar of Ashenzari.
  4256 | D:6      | Reached XP level 8. HP: 74/74 MP: 7/7
  4273 | D:6      | Reached skill level 10 in Unarmed Combat
  4566 | D:6      | HP: 2/74 [orc warrior/hand axe (8)]
  4880 | D:6      | Slain by an orc warrior

Skill      XL: |  1  2  3  4  5  6  7  8 |
---------------+-------------------------+-----
Unarmed Combat | 4 5 6 8 9 10 | 10.6
Stealth        | 0 |  0.0
Fighting       | |  2.4
Dodging        | |  2.4

Action                   |  1- 3 |  4- 6 |  7- 9 || total
-------------------------+-------+-------+-------++-------
Melee: Unarmed           |   115 |    95 |   126 ||   336
       Punch             |     2 |     1 |     7 ||    10
Invok: Sacrifice Stealth |       |       |     1 ||     1
  Use: Scroll            |     4 |     1 |     2 ||     7
 Stab: Sleeping          |     3 |     3 |       ||     6
  Eat: Chunk             |    19 |    17 |     8 ||    44
Armor: Robe              |    34 |    20 |    32 ||    86
Dodge: Dodged            |    60 |    45 |    43 ||   148
